% Time on Ice - EDMONTON ICE
Lines # - Real PCT - Wanted PCT - Time Play
Normal Forward
1 - 37% - 36% - 16:59
2 - 30% - 33% - 13:59
3 - 19% - 24% - 8:45
4 - 14% - 7% - 6:24
Normal Defense
1 - 38% - 37% - 17:33
2 - 32% - 32% - 14:49
3 - 24% - 23% - 10:58
4 - 6% - 8% - 2:47
PP Forward
1 - 54% - 60% - 3:11
2 - 46% - 40% - 2:46
PP Defense
1 - 59% - 60% - 3:30
2 - 41% - 40% - 2:27
PK Forward
1 - 79% - 60% - 4:42
2 - 21% - 40% - 1:15
PK Defense
1 - 60% - 60% - 3:33
2 - 40% - 40% - 2:24
PK3 Forward
1 - 0% - 55%
2 - 0% - 45%
PK3 Defense
1 - 0% - 55%
2 - 0% - 45%
44 Forward
1 - 57% - 55% - 1:08
2 - 43% - 45% - 0:51
44 Defense
1 - 38% - 55% - 0:45
2 - 62% - 45% - 1:14
Last Minute Offensive  - 0:00
Last Minute Defensive  - 0:00
Total
Forward - 60:00
Defense - 60:00
% Time on Ice - LAS VEGAS LIZARD KINGS
Lines # - Real PCT - Wanted PCT - Time Play
Normal Forward
1 - 36% - 37% - 16:37
2 - 28% - 30% - 12:41
3 - 23% - 23% - 10:40
4 - 13% - 10% - 6:09
Normal Defense
1 - 39% - 45% - 17:56
2 - 36% - 35% - 16:31
3 - 25% - 20% - 11:40
4 - 0% - 0% - 0:00
PP Forward
1 - 69% - 65% - 4:06
2 - 31% - 35% - 1:51
PP Defense
1 - 49% - 55% - 2:56
2 - 51% - 45% - 3:01
PK Forward
1 - 60% - 55% - 3:35
2 - 40% - 45% - 2:22
PK Defense
1 - 70% - 60% - 4:09
2 - 30% - 40% - 1:48
PK3 Forward
1 - 0% - 55%
2 - 0% - 45%
PK3 Defense
1 - 0% - 55%
2 - 0% - 45%
44 Forward
1 - 92% - 55% - 1:49
2 - 8% - 45% - 0:10
44 Defense
1 - 45% - 55% - 0:54
2 - 55% - 45% - 1:05
Last Minute Offensive  - 0:00
Last Minute Defensive  - 0:00
Total
Forward - 60:00
Defense - 60:00
Play-by-Play 1st period 0:01 of 1st period - Ryan Nugent-Hopkins wins face-off versus Jack Eichel in neutral zone. 0:04 of 1st period - Shea Theodore is hit by Ryan Nugent-Hopkins and loses puck. 1:10 of 1st period - Shot by Scott Laughton. 1:10 of 1st period - Shot Misses the Net. 1:12 of 1st period - Shot by Scott Laughton. 1:12 of 1st period - Stopped by Sergei Bobrovsky without a rebound. 1:13 of 1st period - Jeff Carter wins face-off versus Dawson Mercer in LAS VEGAS LIZARD KINGS zone. 2:08 of 1st period - Anthony Beauvillier is hit by Brandon Hagel and loses puck. 2:36 of 1st period - Icing by Dmitry Kulikov. 2:37 of 1st period - Thomas Novak wins face-off versus Vladislav Namestnikov in LAS VEGAS LIZARD KINGS zone. 2:48 of 1st period - Shot by Scott Laughton. 2:48 of 1st period - Shot Misses the Net. 3:08 of 1st period - Shot by Thomas Novak. 3:08 of 1st period - Shot Misses the Net. 5:00 of 1st period - Shot by Ryan Nugent-Hopkins. 5:00 of 1st period - Stopped by Vitek Vanecek without a rebound. 5:01 of 1st period - Luke Glendening wins face-off versus Thomas Novak in EDMONTON ICE zone. 5:37 of 1st period - Icing by Patrik Nemeth. 5:38 of 1st period - Luke Glendening wins face-off versus Dawson Mercer in LAS VEGAS LIZARD KINGS zone. 5:38 of 1st period - Luke Glendening is hit by Evgeny Dadonov. 6:08 of 1st period - Shot by Evgeny Dadonov. 6:08 of 1st period - Shot Misses the Net. 6:10 of 1st period - Shot by Evgeny Dadonov. 6:10 of 1st period - Shot Misses the Net. 6:12 of 1st period - Shot by Evgeny Dadonov. 6:12 of 1st period - Goal by Evgeny Dadonov - EDMONTON ICE : 1 - LAS VEGAS LIZARD KINGS : 0. 6:13 of 1st period - Jeff Carter wins face-off versus Gustav Nyquist in neutral zone. 6:21 of 1st period - Shot by Jack Eichel. 6:21 of 1st period - Shot Misses the Net. 6:26 of 1st period - Icing by Brayden McNabb. 6:27 of 1st period - Jeff Carter wins face-off versus Thomas Novak in LAS VEGAS LIZARD KINGS zone. 6:52 of 1st period - Shot by Tomas Tatar. 6:52 of 1st period - Stopped by Sergei Bobrovsky with a rebound. 6:53 of 1st period - Minor Penalty to John Marino for Hooking. 6:54 of 1st period - Ty Dellandrea wins face-off versus Jack Eichel in LAS VEGAS LIZARD KINGS zone. 7:05 of 1st period - Shot by Alex Tuch. 7:05 of 1st period - Stopped by Sergei Bobrovsky without a rebound. 7:06 of 1st period - Ty Dellandrea wins face-off versus Jack Eichel in LAS VEGAS LIZARD KINGS zone. 7:33 of 1st period - Shot by Alex Tuch. 7:33 of 1st period - Stopped by Sergei Bobrovsky without a rebound. 7:34 of 1st period - Joe Pavelski wins face-off versus Dawson Mercer in LAS VEGAS LIZARD KINGS zone. 8:40 of 1st period - Shot by Michael Matheson. 8:40 of 1st period - Stopped by Sergei Bobrovsky without a rebound. 8:41 of 1st period - Jack Eichel wins face-off versus Joe Pavelski in LAS VEGAS LIZARD KINGS zone. 8:48 of 1st period - Shot by Shea Theodore. 8:48 of 1st period - Shot Misses the Net. 8:50 of 1st period - Shot by Alex Tuch. 8:50 of 1st period - Stopped by Sergei Bobrovsky without a rebound. 8:51 of 1st period - Joe Pavelski wins face-off versus Jack Eichel in LAS VEGAS LIZARD KINGS zone. 10:42 of 1st period - Icing by Dillon Dube. 10:43 of 1st period - Jeff Carter wins face-off versus Thomas Novak in LAS VEGAS LIZARD KINGS zone. 11:06 of 1st period - Shot by Thomas Novak. 11:06 of 1st period - Shot Misses the Net. 11:08 of 1st period - Shot by Zach Whitecloud. 11:08 of 1st period - Stopped by Sergei Bobrovsky without a rebound. 11:09 of 1st period - Ryan Nugent-Hopkins wins face-off versus Anthony Beauvillier in LAS VEGAS LIZARD KINGS zone. 11:26 of 1st period - Jonas Brodin is hit by Joe Pavelski and loses puck. 11:55 of 1st period - Shot by Ryan Nugent-Hopkins. 11:55 of 1st period - Stopped by Vitek Vanecek without a rebound. 11:56 of 1st period - Vladislav Namestnikov wins face-off versus Thomas Novak in EDMONTON ICE zone. 12:58 of 1st period - Shot by Gustav Nyquist. 12:58 of 1st period - Stopped by Sergei Bobrovsky without a rebound. 12:59 of 1st period - Ryan Nugent-Hopkins wins face-off versus Dawson Mercer in LAS VEGAS LIZARD KINGS zone. 13:14 of 1st period - Shot by Joe Pavelski. 13:14 of 1st period - Stopped by Vitek Vanecek without a rebound. 13:15 of 1st period - Luke Glendening wins face-off versus Jack Eichel in EDMONTON ICE zone. 13:54 of 1st period - Shot by Zemgus Girgensons. 13:54 of 1st period - Shot Blocked by Zach Whitecloud. 14:01 of 1st period - Icing by Zach Whitecloud. 14:02 of 1st period - Jack Eichel wins face-off versus Ryan Nugent-Hopkins in EDMONTON ICE zone. 14:20 of 1st period - Shot by Johnny Gaudreau. 14:20 of 1st period - Stopped by Vitek Vanecek without a rebound. 14:21 of 1st period - Thomas Novak wins face-off versus Victor Olofsson in EDMONTON ICE zone. 15:02 of 1st period - Shot by Scott Laughton. 15:02 of 1st period - Shot Misses the Net. 16:12 of 1st period - Icing by Jonas Brodin. 16:13 of 1st period - Dawson Mercer wins face-off versus Vladislav Namestnikov in EDMONTON ICE zone. 16:55 of 1st period - Off-side. 16:56 of 1st period - Thomas Novak wins face-off versus Luke Glendening in neutral zone. 17:04 of 1st period - Minor Penalty to Patrik Nemeth for Hooking. 17:05 of 1st period - Ty Dellandrea wins face-off versus Jack Eichel in LAS VEGAS LIZARD KINGS zone. 17:48 of 1st period - Icing by Michael Matheson. 17:49 of 1st period - Joe Pavelski wins face-off versus Jack Eichel in EDMONTON ICE zone. 17:50 of 1st period - Shot by Ryan Nugent-Hopkins. 17:50 of 1st period - Deflect By Joe Pavelski. 17:50 of 1st period - Stopped by Vitek Vanecek without a rebound. 17:51 of 1st period - Ty Dellandrea wins face-off versus Dawson Mercer in EDMONTON ICE zone. 17:55 of 1st period - Icing by Jordan Spence. 17:56 of 1st period - Ty Dellandrea wins face-off versus Dawson Mercer in EDMONTON ICE zone. 18:27 of 1st period - Icing by Ryan Graves. 18:28 of 1st period - Dawson Mercer wins face-off versus Ty Dellandrea in EDMONTON ICE zone. 18:40 of 1st period - Shot by Dawson Mercer. 18:40 of 1st period - Stopped by Sergei Bobrovsky without a rebound. 18:41 of 1st period - Gustav Nyquist wins face-off versus Joe Pavelski in LAS VEGAS LIZARD KINGS zone. 18:52 of 1st period - Shot by Alex Tuch. 18:52 of 1st period - Stopped by Sergei Bobrovsky without a rebound. 18:53 of 1st period - Jack Eichel wins face-off versus Ty Dellandrea in LAS VEGAS LIZARD KINGS zone. 19:04 of 1st period - Shot by Jack Eichel. 19:04 of 1st period - Shot Blocked by Brayden McNabb. 19:06 of 1st period - Shot by Jarred Tinordi. 19:06 of 1st period - Shot Blocked by Joe Pavelski. 19:10 of 1st period - Shot by Anton Lundell. 19:10 of 1st period - Stopped by Sergei Bobrovsky with a rebound. 19:12 of 1st period - Shot by Anton Lundell. 19:12 of 1st period - Shot Blocked by Brayden McNabb. 19:32 of 1st period - Shot by Joe Pavelski. 19:32 of 1st period - Goal by Joe Pavelski - EDMONTON ICE : 1 - LAS VEGAS LIZARD KINGS : 1. 19:33 of 1st period - Jack Eichel wins face-off versus Brandon Hagel in neutral zone. 19:52 of 1st period - Shot by Gustav Nyquist. 19:52 of 1st period - Shot Misses the Net. 19:54 of 1st period - Shot by Shea Theodore. 19:54 of 1st period - Stopped by Sergei Bobrovsky without a rebound. 19:55 of 1st period - Thomas Novak wins face-off versus Ryan Nugent-Hopkins in LAS VEGAS LIZARD KINGS zone. Goals for this period are 1 for EDMONTON ICE vs 1 for LAS VEGAS LIZARD KINGS. Shots for this period are 13 for EDMONTON ICE vs 6 for LAS VEGAS LIZARD KINGS. 2nd period 0:01 of 2nd period - Ryan Nugent-Hopkins wins face-off versus Thomas Novak in neutral zone. 0:16 of 2nd period - Shot by Ryan Nugent-Hopkins. 0:16 of 2nd period - Shot Misses the Net. 0:32 of 2nd period - Icing by Michael Matheson. 0:33 of 2nd period - Thomas Novak wins face-off versus Vladislav Namestnikov in EDMONTON ICE zone. 1:23 of 2nd period - Jack Eichel is hit by Brandon Hagel and loses puck. 1:24 of 2nd period - Jack Eichel from EDMONTON ICE is injured at 1:24 of 2nd period (Strained Left Knee). 1:25 of 2nd period - Ryan Nugent-Hopkins wins face-off versus Dawson Mercer in EDMONTON ICE zone. 1:35 of 2nd period - Johnny Gaudreau is hit by Zach Whitecloud and loses puck. 1:40 of 2nd period - Shot by Joe Pavelski. 1:40 of 2nd period - Deflect By Johnny Gaudreau. 1:40 of 2nd period - Stopped by Vitek Vanecek with a rebound. 1:42 of 2nd period - Shot by John Marino. 1:42 of 2nd period - Stopped by Vitek Vanecek without a rebound. 1:43 of 2nd period - Jeff Carter wins face-off versus Dawson Mercer in EDMONTON ICE zone. 1:44 of 2nd period - Shot by Dillon Dube. 1:44 of 2nd period - Stopped by Vitek Vanecek without a rebound. 1:45 of 2nd period - Dawson Mercer wins face-off versus Ryan Nugent-Hopkins in EDMONTON ICE zone. 1:45 of 2nd period - Dawson Mercer is hit by Joe Pavelski. 2:03 of 2nd period - Shot by Alex Tuch. 2:03 of 2nd period - Shot Misses the Net. 2:18 of 2nd period - Off-side. 2:19 of 2nd period - Jeff Carter wins face-off versus Thomas Novak in neutral zone. 3:11 of 2nd period - Minor Penalty to Ryan Nugent-Hopkins for Roughing. 3:11 of 2nd period - Minor Penalty to Scott Laughton for Slashing. 3:12 of 2nd p